 Dungeon Crawl Stone Soup version 0.16-b1 (webtiles) character file.

137 Fluffy the Charmwright (level 5, -10/36 HPs)
             Began as a High Elf Skald on Mar 14, 2015.
             Killed from afar by an orc (28 damage)
             ... with a wand of fire
             ... on level 3 of the Dungeon.
             The game lasted 00:07:56 (2559 turns).

Fluffy the Charmwright (High Elf Skald)             Turns: 2559, Time: 00:07:56

Health: -10/36     AC:  6    Str: 11    XL:     5   Next: 0%
Magic:  7/13       EV: 12    Int: 17    God:
Gold:   116        SH:  0    Dex: 14    Spells: 3 memorised, 4 levels left

rFire  . . .     SeeInvis .     a - +0 falchion
rCold  . . .     Clarity  .     b - +0 leather armour
rNeg   . . .     SustAb   .     (no shield)
rPois  .         Gourm    .     s - +0 hat
rElec  .         Spirit   .     (no cloak)
rCorr  +         Warding  .     (no gloves)
rMut   .         Stasis   .     (no boots)
MR     .....                    w - amulet of resist corrosion
Stlth  +.........               (no ring)
                                l - +3 ring of protection

@: shrouded, singing, very slightly contaminated, not resistant to hostile
enchantments, very unstealthy
A: no striking features
a: Stop Singing


You were on level 3 of the Dungeon.
You were not hungry.

You visited 1 branch of the dungeon, and saw 3 of its levels.

You collected 116 gold pieces.

Inventory:

Hand weapons
 a - a +0 falchion (weapon)
Armour
 b - a +0 leather armour (worn)
 s - a +0 hat (worn)
Jewellery
 l - a +3 ring of protection (left hand)
 w - an amulet of resist corrosion (around neck)
Scrolls
 f - 3 scrolls of teleportation {unknown}
 i - 3 scrolls of fear {unknown}
 j - a scroll of recharging {unknown}
 k - a scroll of enchant weapon {unknown}
 n - 2 scrolls of identify {unknown}
 q - a scroll of magic mapping {unknown}
 v - a scroll of remove curse {unknown}
Potions
 e - a potion of agility {unknown}
 g - 2 potions of haste {unknown}
 h - a potion of brilliance {unknown}
 m - a potion of restore abilities {unknown}
 p - 5 potions of curing {unknown}
 u - a potion of might {unknown}
 x - a potion of flight {unknown}
Books
 c - a book of Battle

   Spells                             Type                      Level
   a - Infusion                       Charms                       1
   b - Shroud of Golubria             Charms/Translocation         2
   c - Song of Slaying                Charms                       2
   d - Spectral Weapon                Hexes/Charms                 3
   e - Regeneration                   Charms/Necromancy            3
Comestibles
 d - 4 bread rations
 o - 2 meat rations
 r - a beef jerky
 t - 3 fruits


   Skills:
 + Level 3.0 Fighting
 + Level 3.3 Long Blades
 - Level 0.8 Armour
 + Level 2.1 Dodging
 + Level 2.8 Spellcasting
 + Level 4.4 Charms
 + Level 2.0 Translocations


You had 4 spell levels left.
You knew the following spells:

 Your Spells              Type           Power        Failure   Level  Hunger
a - Infusion              Chrm           ###...       4%          1    #......
b - Song of Slaying       Chrm           ###.....     8%          2    ##.....
c - Shroud of Golubria    Chrm/Tloc      ##........   12%         2    ##.....


Dungeon Overview and Level Annotations

Branches:
Dungeon (3/15)

Altars:
Qazlal
Yredelemnul
The Shining One


Message History

Casting: Song of Slaying
Confirm with . or Enter, or press ? or * to list all spells.
You start singing a song of slaying.
The jackal closely misses you.
You hit the jackal.
The jackal is almost dead.
The jackal barely misses you.
The jackal bites you but does no damage.
You closely miss the jackal.
The jackal is almost dead.
The jackal barely misses you.
You barely miss the jackal.
The jackal is almost dead.
The jackal bites you. The jackal barely misses you.
The orc zaps a wand.
The bolt of fire hits the jackal.
The jackal dies!
You have reached level 5!
The bolt of fire misses you.
The orc zaps a wand.
The bolt of fire hits you!
Ouch! That really hurt!
You die...

#.#.##.............g...#
#..).... ##.#
##.##....##.##g...# #....... #)#
#..........##..#####....... #.#
##.......(......<.....)..<..
#.###..........####.#####.......
#.##................# #.......
#............#.####.#####.......
###..........#>####..........###
#.#.........o@..........##.#
####.#######.#############.##.#
.....# #.# #. #.# ###### #.# .
... #.. ###


You could see an orc.

Vanquished Creatures
  A giant frog skeleton (D:3)
  2 adders (D:2)
  5 gnolls
  A worm (D:2)
  A giant gecko (D:2)
  A ball python (D:3)
  3 bats
  A giant cockroach (D:2)
  3 goblins
  5 hobgoblins
  6 jackals (D:3)
  2 kobolds
  A quokka (D:3)
  2 giant newts (D:1)
  4 rats
38 creatures vanquished.

Vanquished Creatures (others)
  A jackal (D:3)
1 creature vanquished.

Grand Total: 39 creatures vanquished

Notes
Turn   | Place    | Note
--------------------------------------------------------------
     0 | D:1      | Fluffy, the High Elf Skald, began the quest for the Orb.
     0 | D:1      | Reached XP level 1. HP: 14/14 MP: 4/4
   207 | D:1      | Reached XP level 2. HP: 19/19 MP: 1/6
   211 | D:1      | Learned a level 2 spell: Song of Slaying
   214 | D:1      | Learned a level 2 spell: Shroud of Golubria
  1061 | D:2      | Reached skill level 4 in Charms
  1363 | D:2      | Reached XP level 3. HP: 23/25 MP: 5/8
  1399 | D:2      | HP: 1/25 [worm (8)]
  1719 | D:2      | Reached skill level 1 in Translocations
  1760 | D:2      | Found a basalt altar of Yredelemnul.
  1828 | D:2      | Found a glowing golden altar of the Shining One.
  2081 | D:3      | Found a stormy altar of Qazlal.
  2109 | D:3      | Reached XP level 4. HP: 30/30 MP: 0/11
  2558 | D:3      | Reached XP level 5. HP: 18/36 MP: 7/13
  2559 | D:3      | Killed from afar by an orc

Action                   |  1- 3 |  4- 6 || total
-------------------------+-------+-------++-------
Melee: Falchion          |    93 |    72 ||   165
 Cast: Infusion          |    14 |     1 ||    15
       Shroud of Golubri |     1 |     7 ||     8
       Song of Slaying   |     1 |     5 ||     6
  Eat: Chunk             |     4 |     2 ||     6
